 Dungeon Crawl Stone Soup version 0.30.2 (webtiles) character file.

Game seed: 4136626593808971079

5448 porpoise the Arsonist (level 10, -7/80 HPs)
             Began as a Green Draconian Fire Elementalist on Feb 2, 2024.
             Was a Follower of Vehumet.
             Engulfed by a fire crab's flame (11 damage)
             ... on level 9 of the Dungeon.
             The game lasted 00:41:37 (11124 turns).

porpoise the Arsonist (DrFE)                       Turns: 11124, Time: 00:41:38

Health: -7/80      AC:  8    Str: 12    XL:     10   Next: 41%
Magic:  17/17      EV: 17    Int: 25    God:    Vehumet [*.....]
Gold:   299        SH:  0    Dex: 11    Spells: 9/19 levels left

rFire   + . .        a - +10 flail "Zuamoneatz" {heavy, rElec rF+ Will+}
rCold   . . .        (no shield)
rNeg    . . .        (body armour unavailable)
rPois   +            P - +0 hat
rElec   +            (no cloak)
rCorr   .            M - +0 pair of gloves
SInv    .            (no boots)
Will    +....        n - amulet of regeneration
Stlth   ++           o - +6 ring of intelligence
HPRegen 1.13/turn    F - +5 ring of evasion
MPRegen 0.15/turn

%: no passive effects
@: no status effects
A: breathe noxious fumes, AC +7, unfitting armour, poison resistance,
cold-blooded
a: Breathe Noxious Fumes, Renounce Religion


You were on level 9 of the Dungeon.
You worshipped Vehumet.
Vehumet was aware of your devotion.
You visited 2 branches of the dungeon, and saw 10 of its levels.
You also visited: Ossuary.

You collected 516 gold pieces.
You spent 217 gold pieces at shops.

Inventory:

Hand Weapons
 a - the +10 flail "Zuamoneatz" (weapon) {heavy, rElec rF+ Will+}
   (You found it on level 3 of the Dungeon)

   rF:        It protects you from fire.
   rElec:     It insulates you from electricity.
   Will:      It increases your willpower.
 b - a +1 sling
 w - a +2 rapier of holy wrath
 T - a +2 vampiric dagger
Missiles
 r - 3 javelins (quivered)
 s - 5 boomerangs
 G - 12 poisoned darts
 L - 4 atropa-tipped darts
Armour
 E - a +0 buckler
 M - a +0 pair of gloves (worn)
 P - a +0 hat (worn)
Jewellery
 h - a ring of resist corrosion
 n - an amulet of regeneration (around neck)
 o - a +6 ring of intelligence (left hand)
 F - a +5 ring of evasion (right hand)
 R - a ring of wizardry
 S - an amulet of faith
Wands
 t - a wand of roots (11)
 D - a wand of quicksilver (11)
Scrolls
 d - a scroll of silence
 k - a scroll of brand weapon
 l - a scroll of fear
 m - 5 scrolls of teleportation
 p - 2 scrolls of amnesia
 v - 2 scrolls of noise
 x - 2 scrolls of enchant armour
 y - a scroll of enchant weapon
 A - 2 scrolls of blinking
 B - a scroll of immolation
 H - a scroll of fog
 J - a scroll of torment
 O - a scroll of identify
 Q - a scroll of magic mapping
Potions
 c - a potion of brilliance
 e - 5 potions of curing
 f - 2 potions of ambrosia
 g - 3 potions of mutation
 i - 3 potions of heal wounds
 j - 2 potions of resistance
 q - a potion of cancellation
 u - a potion of magic
 z - 2 potions of lignification
 C - 3 potions of attraction
 I - 3 potions of haste
 K - a potion of invisibility
 N - a potion of might


   Skills:
 + Level 4.8 Fighting
 + Level 7.3 Maces & Flails
 - Level 1.7 Dodging
 - Level 1.7 Stealth
 - Level 5.0 Spellcasting
 - Level 7.0 Conjurations
 + Level 4.6 Summonings
 - Level 9.0 Fire Magic


You had 9 spell levels left.
You knew the following spells:

 Your Spells              Type           Power      Damage    Failure   Level
a - Foxfire               Conj/Fire      100%       2x1d9     1%          1
b - Scorch                Fire           100%       2d9       1%          2
c - Flame Wave            Conj/Fire      46%        2d12      3%          4
d - Call Canine Familiar  Summ           29%        N/A       3%          3

Your spell library contained the following spells:

 Spells                   Type           Power      Damage    Failure   Level
 Magic Dart               Conj           100%       1d8       1%          1
 Kiss of Death            Conj/Necr      92%        2d12      1%          1
 Inner Flame              Hex/Fire       28%        N/A       3%          3
 Volatile Blastmotes      Fire/Tloc      56%        2d14      3%          3
 Mephitic Cloud           Conj/Pois/Air  17%        N/A       10%         3
 Lesser Beckoning         Tloc           12%        N/A       12%         2
 Poisonous Vapours        Pois/Air       12%        N/A       12%         2
 Sublimation of Blood     Necr           6%         N/A       12%         2
 Wereblood                Tmut           6%         N/A       12%         2
 Confusing Touch          Hex            6%         N/A       24%         3
 Gell's Gravitas          Tloc           6%         N/A       24%         3
 Ozocubu's Armour         Ice            6%         N/A       24%         3
 Portal Projectile        Hex/Tloc       12%        N/A       24%         3
 Teleport Other           Tloc           6%         N/A       24%         3
 Summon Ice Beast         Ice/Summ       17%        N/A       32%         4
 Dispel Undead            Necr           6%         3d8       63%         4
 Leda's Liquefaction      Hex/Erth       3%         N/A       63%         4
 Freezing Cloud           Conj/Ice/Air   8%         6-21      65%         5
 Summon Mana Viper        Hex/Summ       17%        N/A       65%         5
 Metabolic Englaciation   Hex/Ice        3%         N/A       92%         5
 Simulacrum               Ice/Necr       3%         N/A       100%        6
 Monstrous Menagerie      Summ           14%        N/A       100%        7
 Summon Hydra             Summ           14%        N/A       100%        7


Dungeon Overview and Level Annotations

Branches:
Dungeon (9/15)             Temple (1/1) D:6            Lair (0/5) D:9
Ossuary (visited)
    Orc: D:9-12

Altars:
Ashenzari
Cheibriados
Dithmenos
Elyvilon
Fedhas
Gozag
Hepliaklqana
Kikubaaqudgha
Makhleb
Nemelex Xobeh
Okawaru
Qazlal
Sif Muna
Trog
Uskayaw
Vehumet
Wu Jian
Yredelemnul
Zin
The Shining One

Shops:
D:5 ?:***(   D:8 ?

Annotations:
D:3 3 runed translucent doors, Fortress's ghost, amateur DsNe
D:9 2 transporters, Taul's ghost, novice MiFi


Innate Abilities, Weirdness & Mutations

You can breathe blasts of noxious fumes.
Your lurid green scales are hard. (AC +7)
You cannot fit into any form of body armour.
Your system is resistant to poisons. (rPois)
You are cold-blooded and may be slowed by cold attacks.


Message History

The blast of flame engulfs you but does no damage.
You are engulfed in blazing flames.
You resist.
You see here 14 gold pieces.
The fire crab breathes flames at you. The blast of flame misses you.
You are engulfed in blazing flames.
You resist. The fire crab breathes flames at you.
The blast of flame engulfs you but does no damage.
Why would you want to do that?
You are engulfed in blazing flames.
You resist. Why would you want to do that?
The fire crab breathes flames at you.
The blast of flame engulfs you but does no damage.
You are engulfed in blazing flames.
You resist. The fire crab breathes flames at you.
The blast of flame engulfs you. You resist.
You are engulfed in blazing flames.
You resist.
You are engulfed in blazing flames.
You resist. The fire crab barely misses you.
The fire crab claws you but does no damage.
Found a burning altar of Makhleb.
An orc wizard comes into view. It is wielding a +0 dagger.
An orc comes into view. It is wielding a +0 flail.
The fire crab attacks as you move away! The fire crab bites you!
You are engulfed in flames.
You resist. The fire crab claws you!
* * * LOW HITPOINT WARNING * * *
You are engulfed in flames.
You resist.
* * * LOW HITPOINT WARNING * * *
The fire crab breathes flames at you. The blast of flame engulfs you.
You resist.
* * * LOW HITPOINT WARNING * * *
You hear a shout! x2; The orc shouts!
Unknown command.
You are engulfed in blazing flames.
You resist.
* * * LOW HITPOINT WARNING * * *
The fire crab misses you. x2
You hit the fire crab.
The fire crab is lightly wounded.
You are engulfed in blazing flames.
You resist.
You die...

#......#
#..○...≈§§≈§§.#
#......#
###+#§.≈§§§§≈.#
####.### #.
#..§§§≈≈§.#
.....#
#≈≈#§§≈§≈§≈≈.#
#######
#§#.≈.§≈≈≈..#
......# ≈
#≈§..≈≈≈....#
......# ...
#§#§........#
......#
...§#§#t.....###
......#
._..'°°@######
......#
...≈#°°.#
......#
...≈#§##°○.....
......# ≈≈ #§
°°.#... ......##
#≈ oo## ....)..#
≈ ... ...[)..# #
..## #####)##
.## ##.# ..


You could see a fire crab, an orc wizard and an orc.

Vanquished Creatures
  A cyclops (D:8)
  A wyvern (D:9)
  5 yaks
  2 steam dragons (D:8)
  4 humans (D:7)
  A water moccasin (D:7)
  An acid dragon (D:8)
  An ice beast (D:5)
  An orc warrior (D:9)
  2 black bears
  An ogre (D:6)
  3 centaurs
  A bullfrog (D:7)
  3 gnoll sergeants
  2 scorpions
  3 wights (D:7)
  6 killer bees (D:8)
  3 howler monkeys
  5 bullfrog zombies (Ossuary)
  A hound (D:5)
  A centaur zombie (Ossuary)
  A jelly (D:7)
  An orc priest (D:6)
  3 gnoll boudas
  4 iguanas
  16 mummies (Ossuary)
  3 orc wizards
  Ijyb (D:4)
  A sleepcap (D:4)
  4 killer bee zombies (Ossuary)
  Robin (D:2)
  24 gnolls
  11 adders
  3 white imps
  An ufetubus (D:5)
  3 worms
  15 orcs
  6 ball pythons
  3 bats
  9 endoplasms
  A giant cockroach (D:1)
  8 hobgoblins
  6 jackals
  6 kobolds
  3 quokkas
  2 frilled lizards
  14 goblins
  7 rats
205 creatures vanquished.

Vanquished Creatures (collateral kills)
  A yak (D:8)
  A foxfire (Ossuary)
2 creatures vanquished.

Vanquished Creatures (others)
  337 foxfires
337 creatures vanquished.

Grand Total: 544 creatures vanquished

Notes
Turn   | Place    | Note
-------+----------+-------------------------------------------
     0 | D:1      | porpoise the Draconian Fire Elementalist began the quest
                  | for the Orb.
     0 | D:1      | Reached XP level 1. HP: 14/14 MP: 3/3
   344 | D:1      | Reached XP level 2. HP: 20/20 MP: 1/5
   389 | D:1      | Learned a level 2 spell: Scorch
  1794 | D:2      | Reached XP level 3. HP: 25/26 MP: 2/6
  2547 | D:2      | Reached XP level 4. HP: 33/33 MP: 4/8
  2744 | D:3      | Noticed Robin
  2769 | D:2      | Killed Robin
  2814 | D:3      | Reached skill level 4 in Fire Magic
  2946 | D:3      | Identified the +10 flail "Zuamoneatz" {heavy, rElec rF+
                  | Will+}
  2997 | D:3      | Reached XP level 5. HP: 38/38 MP: 9/9
  3031 | D:3      | Learned a level 4 spell: Flame Wave
  3179 | D:3      | Found a runed translucent gate.
  3180 | D:3      | Found a runed translucent gate.
  3180 | D:3      | Found an opulent altar of Gozag.
  3181 | D:3      | Found a runed translucent gate.
  3190 | D:3      | Noticed Fortress's ghost (amateur DsNe)
  3430 | D:4      | Found a sand-covered staircase.
  3435 | Ossuary  | Entered an ossuary
  3483 | Ossuary  | Reached XP level 6. HP: 45/45 MP: 5/11
  3493 | Ossuary  | Reached skill level 5 in Fire Magic
  3688 | Ossuary  | Your scales start taking on a lurid green colour.
  3688 | Ossuary  | Reached XP level 7. HP: 50/50 MP: 0/14
  3688 | Ossuary  | Gained mutation: Your system is resistant to poisons.
                  | (rPois) [Green Draconian growth]
  3909 | Ossuary  | Reached skill level 5 in Spellcasting
  3987 | Ossuary  | Reached skill level 1 in Fighting
  3987 | Ossuary  | Reached skill level 6 in Fire Magic
  4462 | D:4      | Noticed Ijyb
  4470 | D:4      | Killed Ijyb
  4595 | D:4      | Reached skill level 1 in Maces & Flails
  4970 | D:5      | Entered Level 5 of the Dungeon
  5030 | D:5      | Reached XP level 8. HP: 59/59 MP: 10/15
  5134 | D:5      | Found Oxtitoupn's General Store.
  5335 | D:5      | Found Puazarin's General Store.
  5486 | D:5      | Bought a scroll of blinking for 105 gold pieces
  5511 | D:5      | Found Qow Doli's Book Shoppe.
  5665 | D:5      | Reached skill level 5 in Conjurations
  5666 | D:5      | Reached skill level 7 in Fire Magic
  5957 | D:5      | Found Giggeok's Weapon Shoppe.
  6495 | D:5      | Found Serr's Magic Scroll Shoppe.
  6573 | D:5      | Found a glowing silver altar of Zin.
  6575 | D:5      | Found Zin's Purification Station.
  6938 | D:6      | Found a staircase to the Ecumenical Temple.
  6953 | Temple   | Entered the Ecumenical Temple
  7018 | Temple   | Became a worshipper of Vehumet
  7061 | D:6      | Found a snail-covered altar of Cheibriados.
  7161 | D:6      | Found a bloodstained altar of Trog.
  7438 | D:6      | Learned a level 3 spell: Call Canine Familiar
  7452 | D:7      | Found a white marble altar of Elyvilon.
  7469 | D:7      | Reached XP level 9. HP: 25/64 MP: 8/16
  7476 | D:7      | Reached skill level 8 in Fire Magic
  7596 | D:7      | Reached skill level 5 in Maces & Flails
  8197 | D:7      | Found a shimmering blue altar of Sif Muna.
  8743 | D:7      | Reached skill level 1 in Summonings
  8945 | D:8      | Reached skill level 9 in Fire Magic
  9115 | D:8      | Reached * piety under Vehumet
  9115 | D:8      | Offered knowledge of Magic Dart by Vehumet.
  9441 | D:8      | Noticed a cyclops
  9454 | D:8      | Killed a cyclops
  9455 | D:8      | Reached XP level 10. HP: 77/77 MP: 17/17
  9785 | D:8      | Found Wamat's Magic Scroll Shoppe.
  9794 | D:8      | Bought a scroll of identify for 28 gold pieces
  9794 | D:8      | Bought 2 scrolls of identify for 56 gold pieces
  9794 | D:8      | Bought a scroll of identify for 28 gold pieces
 10751 | D:9      | Found a transporter.
 10765 | D:9      | Noticed Taul's ghost (novice MiFi)
 10775 | D:9      | Found a transporter.
 10778 | D:9      | Noticed a moth of wrath
 11100 | D:9      | Noticed a fire crab
 11101 | D:9      | Found a staircase to the Lair.
 11120 | D:9      | Found a burning altar of Makhleb.
 11123 | D:9      | HP: 3/80 [fire crab] (10)]
 11124 | D:9      | Engulfed by a fire crab's flame

Illustrated notes

Levels and vault maps discovered:
D:1:      dpeg_arrival_houses_and_road, layout_basic, minmay_liquid_box
D:2:      layout_basic, kennysheep_small_spiral
D:3:      layout_rooms, ebering_ghost_gozag, uniq_robin
D:4:      layout_cave_pools, enter_ossuary_5, corexii_leaking_fountain,
          chequers_serial_rivers_micro_c, uniq_ijyb
D:5:      layout_basic, zin_purify, serial_shops, shop, shop,
          nicolae_shop_rolled_up, shop, shop, grunt_ministairs_10
D:6:      layout_loops_ring, slow_altar_1,
          mainiacjoe_overflow_concentric_impassable, temple_green
D:7:      layout_basic, lemuel_blue_sif_altar, mainiacjoe_overflow_paths,
          minmay_ruffians
D:8:      layout_loops_corners, serial_shops, shop, minivault_5
D:9:      layout_roguey, lightli_temple_of_fire, minmay_lair_entry_lava,
          gammafunk_ghost_berserking_beasts, nicolae_figureground_pulse
Temple:   compressed_dpeg_circular_temple

Skill      XL: |  1  2  3  4  5  6  7  8  9 10 |
---------------+-------------------------------+-----
Conjurations   | 2 3 4 6 7 |  7.0
Spellcasting   | 3 4 5 |  5.0
Fire Magic     | 4 5 6 7 9 |  9.0
Fighting       | 1 3 4 |  4.8
Maces & Flails | 1 4 6 7 |  7.3
Summonings     | 3 4 |  4.6
Dodging        | |  1.7
Stealth        | |  1.7

Action                     |  1- 3 |  4- 6 |  7- 9 | 10-12 || total
---------------------------+-------+-------+-------+-------++-------
  Melee: Unarmed           |     4 |       |       |       ||     4
         Dagger            |    16 |     5 |       |       ||    21
         Tailslap          |     3 |     2 |    12 |     5 ||    22
         Flail             |       |    30 |   119 |    34 ||   183
         Punch             |       |       |     1 |     1 ||     2
   Fire: Sling             |       |       |    23 |     4 ||    27
  Throw: Dart              |       |       |     4 |       ||     4
         Javelin           |       |       |       |     1 ||     1
   Cast: Foxfire           |    54 |    62 |    91 |       ||   207
         Scorch            |     4 |     7 |    32 |     4 ||    47
         Flame Wave        |       |       |     5 |     2 ||     7
         Call Canine Famil |       |       |     3 |     2 ||     5
Ability: Breathe Noxious F |       |       |     1 |       ||     1
  Evoke: Wand              |       |       |     1 |     3 ||     4
    Use: Scroll            |     5 |     5 |    13 |     3 ||    26
         Potion            |       |     1 |     1 |     2 ||     4
   Stab: Sleeping          |       |       |     2 |     1 ||     3
         Distracted        |       |       |       |     2 ||     2
 Armour: Skin              |    12 |    22 |    49 |    21 ||   104
  Dodge: Dodged            |    15 |    58 |   263 |    61 ||   397
